 Dungeon Crawl Stone Soup version 0.19.0-19-g8c6edcc (webtiles) character file.

7331 dobroeutro the Archer (level 10, -14/88 HPs)
             Began as a Centaur Hunter on Nov 13, 2016.
             Was an Elder of Okawaru.
             Demolished by Snorg (19 damage)
             ... on level 11 of the Dungeon.
             The game lasted 00:22:34 (12022 turns).

dobroeutro the Archer (Centaur Hunter)             Turns: 12022, Time: 00:22:35

Health: -14/88     AC:  7    Str: 20    XL:     10   Next: 90%
Magic:  10/10      EV: 12    Int:  5    God:    Okawaru [****..]
Gold:   364        SH:  4    Dex: 11    Spells: 0 memorised, 9 levels left

rFire  . . .     SeeInvis .     a - +1 shortbow
rCold  . . .     Gourm    .     N - +2 robe {Archmagi}
rNeg   . . .     Faith    .     (shield currently unavailable)
rPois  +         Spirit   .     (helmet restricted)
rElec  .         Reflect  +     H - +0 cloak "Wimoeliq" {rPois rCorr Str+7 Int-5}
rCorr  +         Harm     .     (no gloves)
MR     .....                    (no barding)
Stlth  +++.......               w - +4 amulet of reflection
                                (no ring)
                                A - ring of stealth

@: very quick
A: hooves 3, horns 1, camouflage 1, deformed body, speed 2, tough skin 3, weak 2
a: Heroism, Renounce Religion


You were on level 11 of the Dungeon.
You worshipped Okawaru.
Okawaru was greatly pleased with you.
You were hungry.

You visited 2 branches of the dungeon, and saw 12 of its levels.

You collected 595 gold pieces.
You spent 231 gold pieces at shops.

Inventory:

Hand Weapons
 a - a +1 shortbow (weapon)
 k - a +1 short sword of electrocution
 m - a +0 spear of venom
Missiles
 d - 2 arrows (quivered)
Armour
 c - a +0 leather armour
 p - a +0 pair of gloves
 v - a +2 cloak
 x - a +0 scale mail
 y - a +1 helmet
 H - the +0 cloak "Wimoeliq" (worn) {rPois rCorr Str+7 Int-5}
   (You found it on level 10 of the Dungeon)

   It affects your strength (+7).
   It affects your intelligence (-5).
   It protects you from poison.
   It protects you from acid and corrosion.
 N - a +2 robe of the Archmagi (worn)
Jewellery
 w - a +4 amulet of reflection (around neck)
 A - a ring of stealth (left hand)
 B - a cursed amulet of inaccuracy {unknown}
 M - an uncursed amulet of harm {unknown}
Wands
 F - a wand of iceblast (4/15)
 K - a wand of paralysis (11/24)
Scrolls
 h - 6 scrolls of identify
 j - 5 scrolls of magic mapping
 o - 2 scrolls of teleportation
 t - 2 scrolls of enchant armour
 D - 2 scrolls of random uselessness
 G - 2 scrolls of remove curse
 J - a scroll of amnesia
Potions
 e - a potion of flight
 i - 2 potions of brilliance
 l - 3 potions of lignification
 q - 2 potions of resistance
 r - a potion of might
Miscellaneous
 I - a phial of floods (inert)
Comestibles
 f - 10 bread rations
 n - 3 fruits
 u - 3 beef jerkies
 z - 2 slices of pizza
 P - a meat ration


   Skills:
 + Level 7.8 Fighting
 + Level 13.8 Bows
 + Level 5.8 Armour
 + Level 6.1 Dodging
 - Level 0.4 Stealth


You had 9 spell levels left.
You didn't know any spells.

Dungeon Overview and Level Annotations

Branches:
Dungeon (11/15)            Temple (1/1) D:6            Lair (0/6) D:10
    Orc (0/2) D:9

Altars:
Ashenzari
Cheibriados
Elyvilon
Fedhas
Gozag
Hepliaklqana
Kikubaaqudgha
Makhleb
Nemelex Xobeh
Okawaru
Qazlal
Ru
Sif Muna
Trog
Uskayaw
Vehumet
Xom
Yredelemnul
Zin
The Shining One
Beogh

Shops:
D:7 [   D:8 ((*((

Annotations:
D:11 Snorg


Innate Abilities, Weirdness & Mutations

You have hooves in place of feet.
Armour fits poorly on your strangely shaped body.
You cover ground very quickly.
You have extremely tough skin. (AC +3)
You have a pair of small horns on your head.
Your skin changes colour to match your surroundings (Stealth+).
You are very weak. (Str -4)


Message History

Press: ? - help, Shift-Dir - straight line, f/p - Snorg
Aim: Snorg (heavily wounded, berserk, fast, unusually strong)
You shoot an arrow. The arrow hits Snorg!
Snorg is severely wounded.
Firing (i - inventory):
d - 3 arrows (quivered)
Press: ? - help, Shift-Dir - straight line, f/p - Snorg
Aim: Snorg (severely wounded, berserk, fast, unusually strong)
You shoot an arrow. The arrow hits Snorg.
Snorg is severely wounded.
Snorg bites you. Snorg claws you! Snorg barely misses you.
You see here an arrow.
It was a potion of cure mutation.
It has a very clean taste.
You feel stupid.
You feel less repulsive. The horns on your head shrink a bit. Snorg bites you!!
Snorg claws you!!
* * * LOW HITPOINT WARNING * * *
Snorg claws you!
* * * LOW HITPOINT WARNING * * *
Snorg closely misses you. You block Snorg's attack. Snorg misses you.
It was a potion of magic.
Magic courses through your body. Snorg bites you!!
You die...

'#####.......(.#
.............((#
((.((((.......<######
#######.......(.....#
...(..#......(......#
.(....#.....((..((..#
..(()(#....(........#
......)...(.........#
......#..).....T@(..#
......#..../.....(..#
......#.#'#######(..##
......#.#.......#((..#
......#.#.......#...(#
......#(#.......#....#
#######(#########....#
(.(.y..(.........(...#
..y.............((...#


You could see Snorg (berserk).

Vanquished Creatures
  Erica (D:9)
  Pikel (D:9)
  A gargoyle (D:11)
  Prince Ribbit (D:5)
  A hippogriff (D:9)
  A wyvern (D:8)
  4 hogs (D:8)
  4 yaks (D:7)
  A wraith (D:7)
  A human (D:8)
  3 hungry ghosts
  3 ice beasts
  3 sky beasts
  A necrophage (D:7)
  A black bear (D:7)
  A wolf (D:10)
  The ghost of dobroeutro the Shooter, an amateur CeHu (D:3)
  2 ogres
  A phantom (D:7)
  A centaur (D:11)
  2 elf zombies (D:7)
  3 bullfrogs
  An elf skeleton (D:7)
  A water moccasin zombie (D:7)
  2 scorpions
  4 killer bees (D:11)
  2 electric eels (D:10)
  4 wights
  4 crimson imps
  4 human zombies (D:7)
  3 orc priests
  2 bullfrog skeletons
  11 hounds
  5 orc wizards
  A human skeleton (D:7)
  3 iguanas
  6 worker ants
  A hound zombie (D:8)
  An ogre skeleton (D:7)
  3 hound skeletons
  A mummy (D:7)
  A howler monkey zombie (D:9)
  A worker ant zombie (D:10)
  Robin (D:4)
  2 gnolls
  7 adders
  2 shadow imps
  4 oozes
  An adder skeleton (D:4)
  A worm (D:2)
  4 dart slugs (D:1)
  2 leopard geckos
  19 orcs
  2 ball pythons
  8 bats
  4 giant cockroaches
  22 goblins
  6 hobgoblins
  16 jackals
  4 quokkas
  3 frilled lizards
  5 kobolds
  A leopard gecko skeleton (D:4)
  A quokka skeleton (D:8)
  7 rats
  A spectral orc (D:8)
222 creatures vanquished.

Vanquished Creatures (collateral kills)
  An orc (D:9)
1 creature vanquished.

Vanquished Creatures (others)
  4 slaves (D:9)
  A centaur (D:5)
  A bullfrog (D:9)
  A wight (D:9)
  A hound (D:9)
  2 orc priests (D:9)
  2 orc wizards (D:9)
  3 orcs (D:9)
15 creatures vanquished.

Grand Total: 238 creatures vanquished

Notes
Turn   | Place    | Note
-------+----------+-------------------------------------------
     0 | D:1      | dobroeutro the Centaur Hunter began the quest for the Orb.
     0 | D:1      | Reached XP level 1. HP: 17/17 MP: 1/1
   611 | D:1      | Reached skill level 6 in Bows
   611 | D:1      | Reached XP level 2. HP: 13/24 MP: 2/2
   816 | D:1      | Reached XP level 3. HP: 24/29 MP: 3/3
   966 | D:1      | Reached skill level 7 in Bows
  1336 | D:2      | Found a burning altar of Makhleb.
  1385 | D:2      | Reached XP level 4. HP: 25/36 MP: 4/4
  1971 | D:3      | Found a shattered altar of Ashenzari.
  1983 | D:2      | Reached skill level 8 in Bows
  2038 | D:3      | Noticed dobroeutro's ghost (amateur CeHu)
  2407 | D:3      | Noticed an ice beast
  2411 | D:3      | Killed an ice beast
  2411 | D:3      | Reached skill level 9 in Bows
  2411 | D:3      | Reached XP level 5. HP: 37/41 MP: 5/5
  2460 | D:3      | Found a hide-covered altar of Uskayaw.
  2491 | D:3      | Killed dobroeutro's ghost
  2491 | D:3      | Reached XP level 6. HP: 19/48 MP: 6/6
  2735 | D:3      | Found a stormy altar of Qazlal.
  2805 | D:3      | Reached skill level 10 in Bows
  3114 | D:4      | Found a sacrificial altar of Ru.
  3162 | D:4      | Found an opulent altar of Gozag.
  3180 | D:4      | Noticed Robin
  3398 | D:4      | Killed Robin
  3842 | D:5      | Entered Level 5 of the Dungeon
  3864 | D:5      | Reached XP level 7. HP: 39/55 MP: 7/7
  3880 | D:5      | Noticed Prince Ribbit
  3902 | D:5      | Killed Prince Ribbit
  3902 | D:5      | Reached skill level 1 in Armour
  4073 | D:5      | Found a white marble altar of Elyvilon.
  4256 | D:5      | Reached skill level 11 in Bows
  4304 | D:5      | Found a stormy altar of Qazlal.
  4336 | D:5      | HP: 1/57 [sky beast (6)]
  4347 | D:5      | Gained mutation: You are surrounded by a mild repulsion field. (EV +2) [mutagenic meat]
  4348 | D:5      | Gained mutation: You tend to lose your temper in combat. [mutagenic meat]
  4349 | D:5      | Gained mutation: Your spells are a little harder to cast, but a little more powerful. [mutagenic meat]
  4350 | D:5      | Lost mutation: You tend to lose your temper in combat. [mutagenic meat]
  4351 | D:5      | Gained mutation: You are weak. (Str -2) [mutagenic meat]
  4563 | D:6      | Found a staircase to the Ecumenical Temple.
  4576 | Temple   | Entered the Ecumenical Temple
  4618 | Temple   | Became a worshipper of Warmaster Okawaru
  5246 | D:5      | Reached XP level 8. HP: 17/63 MP: 8/8
  5252 | D:5      | Gained mutation: Your skin changes colour to match your surroundings (Stealth+). [mutagenic meat]
  5253 | D:5      | Lost mutation: Your spells are a little harder to cast, but a little more powerful. [mutagenic meat]
  5254 | D:5      | Gained mutation: You have a pair of small horns on your head. [mutagenic meat]
  6208 | D:7      | Reached * piety under Okawaru
  6316 | D:7      | HP: 3/67 [yak (13)]
  6333 | D:7      | Reached ** piety under Okawaru
  6333 | D:7      | Reached skill level 5 in Fighting
  6333 | D:7      | Reached skill level 12 in Bows
  6333 | D:7      | Reached XP level 9. HP: 6/74 MP: 9/9
  6559 | D:7      | Found a burning altar of Makhleb.
  6577 | D:7      | Found a shimmering altar of Xom.
  6601 | D:7      | Found Ydoid's Armour Emporium.
  6609 | D:7      | Bought a +2 cloak for 231 gold pieces
  7118 | D:7      | Found an ancient bone altar of Kikubaaqudgha.
  7250 | D:8      | Found Bemu's Antique Weapon Shoppe.
  7312 | D:8      | Found Bisirr's Assorted Antiques.
  7317 | D:8      | Found Qatistreicu's Weapon Shoppe.
  7356 | D:8      | Found a blossoming altar of Fedhas.
  7381 | D:8      | Got a bound marble ring
  7424 | D:8      | Reached *** piety under Okawaru
  7684 | D:8      | Found Erritet's Weapon Shoppe.
  7861 | D:8      | Found Mullap's Antique Weapon Emporium.
  8010 | D:8      | Found a basalt altar of Yredelemnul.
  8075 | D:9      | Noticed Erica
  8101 | D:8      | Received a gift from Okawaru
  8250 | D:9      | Killed Erica
  8250 | D:9      | Reached **** piety under Okawaru
  8250 | D:9      | Received a gift from Okawaru
  8250 | D:9      | Received a gift from Okawaru
  8250 | D:9      | Reached skill level 13 in Bows
  8250 | D:9      | Reached skill level 5 in Dodging
  8250 | D:9      | Reached XP level 10. HP: 29/84 MP: 10/10
  8822 | D:10     | Entered Level 10 of the Dungeon
  8974 | D:10     | Identified the ring "Puisuvov" {*Corrode rF- Str+7 Int+5 Stlth+} (You found it on level 8 of the Dungeon)
  9134 | D:10     | Got a fine cloak
  9175 | D:9      | Noticed Pikel
  9216 | D:9      | Reached skill level 5 in Armour
  9275 | D:9      | Found a staircase to the Orcish Mines.
  9297 | D:9      | Killed Pikel
  9338 | D:9      | Identified the +0 cloak "Wimoeliq" {rPois rCorr Str+7 Int-5} (You found it on level 10 of the Dungeon)
  9610 | D:9      | Found a roughly hewn altar of Beogh.
 10474 | D:10     | Found a staircase to the Lair.
 10495 | D:10     | Received a gift from Okawaru
 11030 | D:10     | Gained mutation: Your mind is acute. (Int +2) [potion of mutation]
 11030 | D:10     | Gained mutation: You are very weak. (Str -4) [potion of mutation]
 11030 | D:10     | Gained mutation: You have a pair of horns on your head. [potion of mutation]
 11443 | D:11     | Noticed Snorg
 11810 | D:11     | Noticed a gargoyle
 11829 | D:11     | Killed a gargoyle
 12021 | D:11     | Lost mutation: Your mind is acute. (Int +2) [potion of cure mutation]
 12021 | D:11     | Lost mutation: You are surrounded by a mild repulsion field. (EV +2) [potion of cure mutation]
 12021 | D:11     | Lost mutation: You have a pair of horns on your head. [potion of cure mutation]
 12022 | D:11     | Demolished by Snorg

Skill      XL: |  1  2  3  4  5  6  7  8  9 10 |
---------------+-------------------------------+-----
Bows           | 6 7 9 10 11 12 13 | 13.8
Armour         | 2 3 4 5 |  5.8
Dodging        | 2 3 5 6 |  6.1
Fighting       | 3 5 6 7 |  7.8
Stealth        | |  0.4

Action                   |  1- 3 |  4- 6 |  7- 9 | 10-12 || total
-------------------------+-------+-------+-------+-------++-------
Melee: Short sword       |    33 |   180 |   295 |    20 ||   528
       Kick              |    14 |    36 |    65 |     7 ||   122
       Spear             |    52 |       |    23 |    10 ||    85
       Shortbow          |       |       |     1 |     2 ||     3
       Headbutt          |       |       |    35 |     5 ||    40
 Fire: Shortbow          |     6 |       |   184 |   409 ||   599
Invok: Heroism           |       |       |       |     2 ||     2
Evoke: Phial of floods   |       |       |       |     1 ||     1
  Use: Scroll            |       |       |     6 |     9 ||    15
       Potion            |       |       |     6 |     7 ||    13
 Stab: Sleeping          |       |       |     2 |       ||     2
  Eat: Chunk             |       |     8 |    20 |     8 ||    36
       Pizza             |       |       |       |     7 ||     7
Armor: Leather armour    |    23 |    66 |       |       ||    89
       Scale mail        |       |    11 |   124 |     6 ||   141
       Skin              |       |       |    14 |       ||    14
       Robe              |       |       |       |    37 ||    37
Dodge: Dodged            |    42 |    96 |   116 |    83 ||   337
Block: Other             |       |    18 |    59 |    29 ||   106
       Reflection        |       |       |     6 |       ||     6
